| TOP OF THE 1ST |
|
Midland RockHounds batting - Pitching for Erie SeaWolves : RHP Andy Miller
|
|
Pitching: RHP Andy Miller
|
|
|
Batting: LHB Zachary DeLuca
|
0-0: Called Strike 0-1: Ball 1-1: Ball 2-1: Foul Ball, location: 2F 2-2: Ball 3-2: Foul Ball, location: 2F 3-2: Base on Balls
|
|
Batting: LHB John Shults
|
0-0: Called Strike 0-1: Called Strike 0-2: Strikes out swinging
|
|
Batting: RHB Luis Restrepo
|
0-0: Called Strike 0-1: Ball 1-1: Ball 2-1: Called Strike 2-2: Ball 3-2: Foul Ball, location: 2F 3-2: Foul Ball, location: 2F 3-2: Strikes out swinging
|
|
Batting: LHB Chance Stever
|
0-0: Ball Zachary DeLuca steals 2nd base 1-0: Foul Ball, location: 2F 1-1: Called Strike 1-2: Ground out 4-3 (Groundball, 34, EV 83.1 MPH)
|
| Top of the 1st over - 0 runs, 0 hits, 0 errors, 1 left on base; Midland 0 - Erie 0 |
| BOTTOM OF THE 1ST |
|
Erie SeaWolves batting - Pitching for Midland RockHounds : RHP Jalen Cobbins
|
|
Pitching: RHP Jalen Cobbins
|
|
|
Batting: RHB Tanner Purchase
|
0-0: Ball 1-0: Foul Ball, location: 2F 1-1: SINGLE (Groundball, 6MD, EV 94.4 MPH)
|
|
Batting: RHB Victor Reyes
|
0-0: Foul Ball, location: 2F 0-1: Ball Tanner Purchase steals 2nd base (no throw) 1-1: Ball 2-1: Ball 3-1: Ground out 6-3 (Groundball, 6, EV 101.2 MPH)
|
|
Batting: RHB John Evancho
|
0-0: Fly out, F9 (Flyball, 89M, EV 85.6 MPH)
|
|
Batting: RHB Eric Angelle
|
0-0: Swinging Strike 0-1: Ball 1-1: Foul Ball, location: 2F 1-2: Foul Ball, location: 2F 1-2: Ground out 6-3 (Groundball, 6, EV 93.8 MPH)
|
| Bottom of the 1st over - 0 runs, 1 hit, 0 errors, 1 left on base; Midland 0 - Erie 0 |
| TOP OF THE 2ND |
|
Midland RockHounds batting - Pitching for Erie SeaWolves : RHP Andy Miller
|
|
Batting: RHB Danny Heikkila
|
0-0: Ball 1-0: SINGLE (Groundball, 6D, EV 96.2 MPH)
|
|
Batting: RHB Eduardo Chavez
|
0-0: Called Strike 0-1: Fly out, F8 (Line Drive, 8RD, EV 92.5 MPH)
|
|
Batting: RHB Carlos Ballesteros
|
0-0: Ball Danny Heikkila steals 2nd base 1-0: Called Strike 1-1: Swinging Strike 1-2: Ball 2-2: Foul Ball, location: 2F 2-2: SINGLE (Groundball, 6MD, EV 108.1 MPH) Danny Heikkila to third
|
|
Batting: RHB Armando Estrada
|
Balk! Danny Heikkila scores Carlos Ballesteros to second 0-0: Foul Ball, location: 2F 0-1: Swinging Strike 0-2: Strikes out swinging
|
|
Batting: SHB Ian Finley
|
0-0: Foul Ball, location: 2F 0-1: Called Strike 0-2: Strikes out swinging
|
| Top of the 2nd over - 1 run, 2 hits, 0 errors, 1 left on base; Midland 1 - Erie 0 |
| BOTTOM OF THE 2ND |
|
Erie SeaWolves batting - Pitching for Midland RockHounds : RHP Jalen Cobbins
|
|
Batting: RHB Aaron Cusick
|
0-0: Ball 1-0: Swinging Strike 1-1: Swinging Strike 1-2: Strikes out swinging
|
|
Batting: RHB Adam MacConnell
|
0-0: Ball 1-0: Swinging Strike 1-1: Ground out 5-3 (Groundball, 56S, EV 78.8 MPH)
|
|
Batting: RHB Carlos Armenteros
|
0-0: SINGLE (Line Drive, 7S, EV 107.5 MPH)
|
|
Batting: SHB Shohei Fujii
|
0-0: Foul Ball, location: 2F 0-1: Called Strike Carlos Armenteros is caught stealing 2nd base 2-6
|
| Bottom of the 2nd over - 0 runs, 1 hit, 0 errors, 0 left on base; Midland 1 - Erie 0 |
| TOP OF THE 3RD |
|
Midland RockHounds batting - Pitching for Erie SeaWolves : RHP Andy Miller
|
|
Batting: LHB Zachary DeLuca
|
0-0: Ball 1-0: Called Strike 1-1: Called Strike 1-2: Ball 2-2: Strikes out swinging
|
|
Batting: LHB John Shults
|
0-0: Called Strike 0-1: Fly out, F7 (Flyball, 78D, EV 99.4 MPH)
|
|
Batting: RHB Luis Restrepo
|
0-0: Ball 1-0: Ball 2-0: Fly out, F9 (Line Drive, 9, EV 97.5 MPH)
|
| Top of the 3rd over - 0 runs, 0 hits, 0 errors, 0 left on base; Midland 1 - Erie 0 |
| BOTTOM OF THE 3RD |
|
Erie SeaWolves batting - Pitching for Midland RockHounds : RHP Jalen Cobbins
|
|
Batting: SHB Shohei Fujii
|
0-0: Ball 1-0: Fly out, F9 (Flyball, 9, EV 89.4 MPH)
|
|
Batting: LHB Luis Dominguez
|
0-0: Ground out 4-3 (Groundball, 4, EV 107.5 MPH)
|
|
Batting: RHB Tanner Purchase
|
0-0: SINGLE (Groundball, 6M, EV 101.9 MPH) (infield hit)
|
|
Batting: RHB Victor Reyes
|
0-0: Ball Tanner Purchase steals 2nd base (no throw) 1-0: SINGLE (Flyball, 8LS, EV 91.2 MPH) Tanner Purchase to third Runner from 3rd tries for Home, throw by CF and OUT! 8-2
|
| Bottom of the 3rd over - 0 runs, 2 hits, 0 errors, 1 left on base; Midland 1 - Erie 0 |
| TOP OF THE 4TH |
|
Midland RockHounds batting - Pitching for Erie SeaWolves : RHP Andy Miller
|
|
Batting: LHB Chance Stever
|
0-0: Foul Ball, location: 2F 0-1: Called Strike 0-2: Foul Ball, location: 2F 0-2: Ball 1-2: Ball 2-2: Ground out 6-3 (Groundball, 56, EV 94.4 MPH)
|
|
Batting: RHB Danny Heikkila
|
0-0: Called Strike 0-1: Swinging Strike 0-2: Foul Ball, location: 2F 0-2: Strikes out swinging
|
|
Batting: RHB Eduardo Chavez
|
0-0: Foul Ball, location: 2F 0-1: Ball 1-1: Ball 2-1: Ground out U3 (Groundball, 34, EV 99.4 MPH)
|
| Top of the 4th over - 0 runs, 0 hits, 0 errors, 0 left on base; Midland 1 - Erie 0 |
| BOTTOM OF THE 4TH |
|
Erie SeaWolves batting - Pitching for Midland RockHounds : RHP Jalen Cobbins
|
|
Batting: RHB John Evancho
|
0-0: Called Strike 0-1: Called Strike 0-2: Foul Ball, location: 2F 0-2: Ball 1-2: Ball 2-2: Strikes out looking
|
|
Batting: RHB Eric Angelle
|
0-0: Ball 1-0: Foul Ball, location: 2F 1-1: Ball 2-1: SINGLE (Line Drive, 4D, EV 95.0 MPH)
|
|
Batting: RHB Aaron Cusick
|
0-0: Ball 1-0: Swinging Strike 1-1: Foul Ball, location: 2F 1-2: Ball 2-2: Strikes out swinging
|
|
Batting: RHB Adam MacConnell
|
0-0: Ball Eric Angelle steals 2nd, throwing error, E2 Eric Angelle to third 1-0: Ball 2-0: Ball 3-0: Called Strike 3-1: Base on Balls
|
|
Batting: RHB Carlos Armenteros
|
0-0: Ball Passed Ball! Eric Angelle scores Adam MacConnell to second 1-0: Ball 2-0: Ball 3-0: Base on Balls
|
|
Batting: SHB Shohei Fujii
|
0-0: Swinging Strike 0-1: Foul Ball, location: 2F 0-2: Ball 1-2: Ball 2-2: Strikes out swinging
|
| Bottom of the 4th over - 1 run, 1 hit, 1 error, 2 left on base; Midland 1 - Erie 1 |
| TOP OF THE 5TH |
|
Midland RockHounds batting - Pitching for Erie SeaWolves : RHP Andy Miller
|
|
Batting: RHB Carlos Ballesteros
|
0-0: Called Strike 0-1: Fly out, F7 (Flyball, 7D, EV 93.1 MPH)
|
|
Batting: RHB Armando Estrada
|
0-0: Ball 1-0: Foul Ball, location: 2F 1-1: SINGLE (Groundball, 56D, EV 105.6 MPH)
|
|
Batting: SHB Ian Finley
|
0-0: Ball 1-0: Ball Armando Estrada steals 2nd base 2-0: Foul Ball, location: 2F 2-1: Foul Ball, location: 2F 2-2: Ground out 3-1 (Groundball, 34S, EV 91.9 MPH) Armando Estrada to third
|
|
Batting: LHB Zachary DeLuca
|
0-0: Foul Ball, location: 2F 0-1: Foul Ball, location: 2F 0-2: Foul Ball, location: 2F 0-2: Ball 1-2: Ball 2-2: Foul Ball, location: 2F 2-2: Ball 3-2: Ground out 4-3 (Groundball, 4S, EV 94.4 MPH)
|
| Top of the 5th over - 0 runs, 1 hit, 0 errors, 1 left on base; Midland 1 - Erie 1 |
| BOTTOM OF THE 5TH |
|
Erie SeaWolves batting - Pitching for Midland RockHounds : RHP Jalen Cobbins
|
|
Batting: LHB Luis Dominguez
|
0-0: Ball 1-0: Ground out 4-3 (Groundball, 4, EV 83.8 MPH)
|
|
Batting: RHB Tanner Purchase
|
0-0: Called Strike 0-1: Ball 1-1: Swinging Strike 1-2: Foul Ball, location: 2F 1-2: Ball 2-2: Strikes out swinging
|
|
Batting: RHB Victor Reyes
|
0-0: Ball 1-0: Foul Ball, location: 2F 1-1: Called Strike 1-2: Strikes out swinging
|
| Bottom of the 5th over - 0 runs, 0 hits, 0 errors, 0 left on base; Midland 1 - Erie 1 |
| TOP OF THE 6TH |
|
Midland RockHounds batting - Pitching for Erie SeaWolves : RHP Andy Miller
|
|
Batting: LHB John Shults
|
0-0: Swinging Strike 0-1: Ball 1-1: Foul Ball, location: 2F 1-2: Ball 2-2: Strikes out swinging
|
|
Batting: RHB Luis Restrepo
|
0-0: Ball 1-0: SINGLE (Groundball, 3S, EV 71.9 MPH) (infield hit)
|
|
Batting: LHB Chance Stever
|
0-0: Ball 1-0: Called Strike 1-1: Ball 2-1: Ball 3-1: Foul Ball, location: 2F 3-2: Base on Balls Luis Restrepo to second
|
|
Batting: RHB Danny Heikkila
|
0-0: Foul Ball, location: 2F 0-1: Called Strike 0-2: Ball 1-2: Strikes out swinging
|
|
Batting: RHB Eduardo Chavez
|
0-0: Called Strike 0-1: Called Strike 0-2: Ball 1-2: Strikes out swinging
|
| Top of the 6th over - 0 runs, 1 hit, 0 errors, 2 left on base; Midland 1 - Erie 1 |
| BOTTOM OF THE 6TH |
|
Erie SeaWolves batting - Pitching for Midland RockHounds : RHP Jalen Cobbins
|
|
Batting: RHB John Evancho
|
0-0: Ground out 4-3 (Groundball, 4, EV 85.0 MPH)
|
|
Batting: RHB Eric Angelle
|
0-0: Ball 1-0: Called Strike 1-1: Ball 2-1: Ball 3-1: Called Strike 3-2: SINGLE (Flyball, 4D, EV 83.8 MPH)
|
|
Batting: RHB Aaron Cusick
|
0-0: Fielders Choice at 2nd, 6-4 (Groundball, 6, EV 84.4 MPH)
|
|
Batting: RHB Adam MacConnell
|
0-0: Ball 1-0: Ground out 6-3 (Groundball, 56D, EV 111.2 MPH)
|
| Bottom of the 6th over - 0 runs, 1 hit, 0 errors, 1 left on base; Midland 1 - Erie 1 |
| TOP OF THE 7TH |
|
Midland RockHounds batting - Pitching for Erie SeaWolves : RHP Andy Miller
|
|
Pitching: LHP Valentin Ciubotariu
|
|
|
Batting: RHB Carlos Ballesteros
|
0-0: Called Strike 0-1: Swinging Strike 0-2: Ball 1-2: Hit by Pitch
|
|
Batting: RHB Armando Estrada
|
0-0: Bunted foul 0-1: Sac Bunt to 23 - play at first, batter OUT! 3-4 Carlos Ballesteros to second
|
|
Batting: SHB Ian Finley
|
0-0: Ball 1-0: Called Strike 1-1: DOUBLE (Line Drive, 3D, EV 108.8 MPH) Carlos Ballesteros scores
|
|
Batting: LHB Zachary DeLuca
|
0-0: Ball 1-0: Called Strike 1-1: Foul Ball, location: 2F 1-2: Fly out, F8 (Line Drive, 8LM, EV 90.6 MPH)
|
|
Batting: LHB John Shults
|
0-0: Called Strike 0-1: Foul Ball, location: 2F 0-2: Ball 1-2: Foul Ball, location: 2F 1-2: Ball 2-2: Foul Ball, location: 2F 2-2: Ball 3-2: Ground out 4-3 (Groundball, 34, EV 97.5 MPH)
|
| Top of the 7th over - 1 run, 1 hit, 0 errors, 1 left on base; Midland 2 - Erie 1 |
| BOTTOM OF THE 7TH |
|
Erie SeaWolves batting - Pitching for Midland RockHounds : RHP Jalen Cobbins
|
|
Batting: RHB Carlos Armenteros
|
0-0: Swinging Strike 0-1: Ball 1-1: Called Strike 1-2: Strikes out swinging
|
|
Batting: SHB Shohei Fujii
|
0-0: Fly out, F7 (Flyball, 7LD, EV 96.2 MPH)
|
|
Batting: LHB Luis Dominguez
|
0-0: SINGLE (Line Drive, 56, EV 101.9 MPH)
|
|
Batting: RHB Tanner Purchase
|
0-0: Called Strike 0-1: Foul Ball, location: 2F 0-2: Strikes out swinging, 2-3 out at first.
|
| Bottom of the 7th over - 0 runs, 1 hit, 0 errors, 1 left on base; Midland 2 - Erie 1 |
| TOP OF THE 8TH |
|
Midland RockHounds batting - Pitching for Erie SeaWolves : LHP Valentin Ciubotariu
|
|
Pitching: RHP Luis Brown
|
|
|
Batting: RHB Luis Restrepo
|
0-0: Ground out 4-3 (Groundball, 4, EV 104.4 MPH)
|
|
Batting: LHB Chance Stever
|
0-0: Swinging Strike 0-1: Ground out 6-3 (Groundball, 6S, EV 87.5 MPH)
|
|
Batting: RHB Danny Heikkila
|
0-0: Ball 1-0: Ball 2-0: Called Strike 2-1: Foul Ball, location: 2F 2-2: Strikes out swinging
|
| Top of the 8th over - 0 runs, 0 hits, 0 errors, 0 left on base; Midland 2 - Erie 1 |
| BOTTOM OF THE 8TH |
|
Erie SeaWolves batting - Pitching for Midland RockHounds : RHP Jalen Cobbins
|
|
Batting: RHB Victor Reyes
|
0-0: Ball 1-0: Called Strike 1-1: Ball 2-1: Ball 3-1: Foul Ball, location: 2F 3-2: Foul Ball, location: 2F 3-2: Ground out 2-3 (Groundball, 15S, EV 68.8 MPH)
|
|
Pitching: LHP Bobby Dahlgren
|
|
|
Batting: RHB John Evancho
|
0-0: Ball 1-0: Swinging Strike 1-1: Swinging Strike 1-2: Ball 2-2: Ground out 6-3 (Groundball, 6, EV 85.0 MPH)
|
|
Batting: RHB Eric Angelle
|
0-0: Ball 1-0: Fly out, F8 (Flyball, 8LD, EV 82.5 MPH)
|
| Bottom of the 8th over - 0 runs, 0 hits, 0 errors, 0 left on base; Midland 2 - Erie 1 |
| TOP OF THE 9TH |
|
Midland RockHounds batting - Pitching for Erie SeaWolves : RHP Luis Brown
|
|
Batting: RHB Eduardo Chavez
|
0-0: Ball 1-0: Ball 2-0: Called Strike 2-1: Foul Ball, location: 2F 2-2: Foul Ball, location: 2F 2-2: Foul Ball, location: 2F 2-2: Strikes out swinging
|
|
Batting: RHB Carlos Ballesteros
|
0-0: Called Strike 0-1: Foul Ball, location: 2F 0-2: Ball 1-2: Ground out 6-3 (Groundball, 6, EV 106.2 MPH)
|
|
Batting: RHB Armando Estrada
|
0-0: Ground out 6-3 (Groundball, 6S, EV 86.2 MPH)
|
| Top of the 9th over - 0 runs, 0 hits, 0 errors, 0 left on base; Midland 2 - Erie 1 |
| BOTTOM OF THE 9TH |
|
Erie SeaWolves batting - Pitching for Midland RockHounds : LHP Bobby Dahlgren
|
|
Pitching: RHP Steve Friesner
|
|
|
Batting: RHB Aaron Cusick
|
0-0: Called Strike 0-1: Foul Ball, location: 2F 0-2: Ball 1-2: Foul Ball, location: 2F 1-2: Foul Ball, location: 2F 1-2: Ball 2-2: Ball 3-2: Strikes out swinging
|
|
Batting: RHB Adam MacConnell
|
0-0: Ball 1-0: Ball 2-0: SINGLE (Groundball, 34D, EV 98.8 MPH)
|
|
Batting: RHB Carlos Armenteros
|
0-0: Foul Ball, location: 2F 0-1: Called Strike 0-2: Ball 1-2: Ball 2-2: Fly out, F3 (Popup, 34S, EV 71.9 MPH)
|
|
Batting: SHB Shohei Fujii
|
0-0: Ground out U3 (Groundball, 3L, EV 98.8 MPH)
|
| Bottom of the 9th over - 0 runs, 1 hit, 0 errors, 1 left on base; Midland 2 - Erie 1 |
|